 Dungeon Crawl Stone Soup version 0.28.0 (webtiles) character file.

Game seed: 8559652515236295508

3094 porkupine the Chiller (level 9, 0/52 HPs)
             Began as a Gargoyle Ice Elementalist on Feb 19, 2022.
             Was an Initiate of Gozag.
             Slain by Joseph (11 damage)
             ... on level 8 of the Dungeon.
             The game lasted 00:26:48 (8556 turns).

porkupine the Chiller (Gargoyle Ice Elementalist)   Turns: 8556, Time: 00:26:48

Health: 0/52       AC: 10    Str: 12    XL:     9   Next: 90%
Magic:  13/18      EV: 11    Int: 20    God:    Gozag
Gold:   622        SH:  0    Dex: 10    Spells: 5/21 levels left

rFire   . . .      SeeInvis .   A - +0 executioner's axe (drain)
rCold   + . .      Faith    .   (shield currently unavailable)
rNeg    + + .      Spirit   .   j - +1 robe {rN+}
rPois   ∞          Reflect  .   G - +0 hat {Will+}
rElec   +          Harm     .   (no cloak)
rCorr   .          Rampage  .   g - +0 pair of gloves
Will    +....                   (no boots)
Stlth   ++........              (no amulet)
HPRegen 0.17/turn               b - ring of protection from fire
MPRegen 0.16/turn               e - ring of ice

@: no status effects
A: sickness immunity, AC +6, negative energy resistance 1, electricity
resistance, torment resistance 1, petrification resistance
a: Renounce Religion, Potion Petition, Call Merchant, Bribe Branch


You were on level 8 of the Dungeon.
You worshipped Gozag.
Gozag was pleased with you.
You visited 1 branch of the dungeon, and saw 8 of its levels.

You collected 958 gold pieces.
You paid 336 gold pieces to Gozag.

Inventory:

Hand Weapons
 h - a +0 short sword
 m - a +2 whip of draining
 t - a +0 hand crossbow
 u - a +0 falchion
 w - a +1 vampiric whip
 A - a +0 executioner's axe of draining (weapon)
 B - a +2 vorpal spear
 D - a +2 vampiric hand axe
Missiles
 f - 13 boomerangs
 n - 19 poisoned darts
 q - 4 javelins
 x - 41 bolts
Armour
 g - a +0 pair of gloves (worn)
 j - a +1 robe of positive energy (worn)
 G - a +0 hat of willpower (worn)
Jewellery
 b - a ring of protection from fire (left hand)
 e - a ring of ice (right hand)
 y - a ring of willpower
Wands
 d - a wand of flame (15)
 p - a wand of mindburst (9)
 z - a wand of iceblast (8)
Scrolls
 k - 2 scrolls of summoning
 s - 4 scrolls of teleportation
 C - a scroll of identify
 E - a scroll of amnesia
Potions
 a - 3 potions of resistance
 c - 3 potions of might
 i - 2 potions of berserk rage {unknown}
 l - a potion of cancellation
 o - a potion of invisibility {unknown}
 r - 2 potions of brilliance
 v - a potion of curing {unknown}
 F - a potion of flight {unknown}


   Skills:
 + Level 4.2 Fighting
 + Level 2.8 Axes
 - Level 1.5 Dodging
 - Level 2.1 Stealth
 + Level 6.5 Spellcasting
 * Level 7.1 Conjurations
 + Level 3.7 Fire Magic
 + Level 7.9 Ice Magic


You had 5 spell levels left.
You knew the following spells:

 Your Spells              Type           Power      Damage    Failure   Level
a - Freeze                Ice            100%       1d11      1%          1
b - Frozen Ramparts       Ice            100%       1d12      1%          3
c - Ozocubu's Armour      Ice            55%        N/A       1%          3
d - Hailstorm             Conj/Ice       53%        3d12      4%          4
e - Foxfire               Conj/Fire      100%       2x1d9     1%          1
f - Flame Wave            Conj/Fire      28%        2d8       11%         4

Your spell library contained the following spells:

 Spells                   Type           Power      Damage    Failure   Level
 Conjure Flame            Conj/Fire      28%        6-21      3%          3
 Sting                    Tmut/Pois      24%        1d4       10%         1
 Inner Flame              Hex/Fire       14%        N/A       14%         3
 Poisonous Vapours        Pois/Air       12%        N/A       16%         2
 Olgreb's Toxic Radiance  Pois           6%         N/A       69%         4
 Summon Forest            Summ/Tloc      3%         N/A       95%         5
 Eringya's Noxious Bog    Tmut/Pois      3%         N/A       100%        6
 Summon Hydra             Summ           3%         N/A       100%        7


Dungeon Overview and Level Annotations

Branches:
Dungeon (8/15)             Temple (0/1) D:6
   Lair: D:8-11

Altars:
Gozag
Uskayaw

Shops:
D:4 (   D:7 (

Annotations:
D:8 Joseph


Innate Abilities, Weirdness & Mutations

You are immune to sickness and miasma.
Your stone body is resilient. (AC +6)
You are immune to poison.
You resist negative energy. (rN+)
You are resistant to electric shocks. (rElec)
You are resistant to unholy torment.
You are immune to petrification.


Message History

You conjure some foxfire!
The wall freezes Joseph!
Joseph shoots a sling bullet.
The sling bullet hits you!
Casting: Foxfire (safe; 1% risk of failure)
Confirm with . or Enter, or press ? or * to list all spells.
You conjure some foxfire!
The foxfire hits Joseph.
Joseph is moderately wounded.
The wall freezes Joseph!
The foxfire hits Joseph.
Joseph is heavily wounded.
You closely miss Joseph.
Joseph is heavily wounded.
The foxfire hits Joseph.
Joseph is heavily wounded.
The foxfire hits Joseph but does no damage.
Joseph is heavily wounded.
The wall freezes Joseph.
Joseph unwields a +0 hunting sling.
Joseph wields a +0 quarterstaff.
Joseph hits you with a +0 quarterstaff.
You barely miss Joseph.
Joseph is heavily wounded.
The wall freezes Joseph.
Joseph hits you with a +0 quarterstaff.
Casting: Foxfire (safe; 1% risk of failure)
Confirm with . or Enter, or press ? or * to list all spells.
You conjure some foxfire!
The wall freezes Joseph.
Joseph hits you but does no damage.
You hit Joseph.
Joseph is severely wounded.
The foxfire hits Joseph but does no damage.
Joseph is severely wounded.
The foxfire hits Joseph.
Joseph is severely wounded.
The wall freezes Joseph!
Joseph hits you with a +0 quarterstaff!
The wall freezes Joseph.
Joseph hits you with a +0 quarterstaff!
* * * LOW HITPOINT WARNING * * *
Casting: Foxfire (safe; 1% risk of failure)
Confirm with . or Enter, or press ? or * to list all spells.
Okay, then.
You closely miss Joseph.
Joseph is severely wounded.
The frozen ramparts melt away.
Joseph hits you with a +0 quarterstaff!
You die...
Your body crumbles into a pile of gold.

...............#
...............#
#+#.##.........#
#####.#..#.##...####
#...#.##.#.##...#
###.#.#.##.#.##...#
.....<............#
....########.#..§§#
...[ #.#..@## ...
#.##.@# ...
#.##......@.# ..
..###.####### .. ###
#.. #..# #..# #..#
#..#


You could see Joseph.

Vanquished Creatures
  Gastronok (D:8)
  A steam dragon (D:7)
  A water moccasin (D:6)
  An ice beast (D:6)
  A sky beast (D:7)
  3 ogres
  A centaur (D:6)
  2 phantoms (D:5)
  3 kobold brigands
  A water moccasin skeleton (D:4)
  5 wights (D:7)
  5 hounds
  3 orc priests
  A bullfrog skeleton (D:7)
  A gnoll shaman (D:7)
  2 iguanas
  4 orc wizards
  A hound skeleton (D:5)
  9 gnolls
  A howler monkey skeleton (D:6)
  2 adders
  A white imp (D:6)
  An ufetubus (D:5)
  2 worms
  4 dart slugs
  20 orcs
  3 bats (D:1)
  7 endoplasms
  4 giant cockroaches
  4 goblins
  9 hobgoblins
  12 jackals
  14 kobolds
  3 quokkas
  5 ball pythons
  6 frilled lizards
  4 rats
148 creatures vanquished.

Vanquished Creatures (others)
  50 foxfires
50 creatures vanquished.

Grand Total: 198 creatures vanquished

Notes
Turn   | Place    | Note
-------+----------+-------------------------------------------
     0 | D:1      | porkupine the Gargoyle Ice Elementalist began the quest for
                  | the Orb.
     0 | D:1      | Reached XP level 1. HP: 10/10 MP: 3/3
   204 | D:1      | Reached XP level 2. HP: 14/16 MP: 0/5
   315 | D:1      | Reached skill level 1 in Fighting
   782 | D:1      | Reached XP level 3. HP: 17/20 MP: 4/6
  1051 | D:1      | Learned a level 3 spell: Frozen Ramparts
  1338 | D:1      | Reached XP level 4. HP: 12/26 MP: 0/8
  1514 | D:1      | Learned a level 3 spell: Ozocubu's Armour
  2822 | D:3      | Reached skill level 5 in Ice Magic
  2822 | D:3      | Reached XP level 5. HP: 27/30 MP: 3/10
  3042 | D:3      | Found a faded altar of an unknown god.
  3088 | D:3      | Prayed at the altar of an unknown god.
  3088 | D:3      | Became a worshipper of Gozag Ym Sagoz the Greedy
  3173 | D:3      | Found a hide-covered altar of Uskayaw.
  3634 | D:4      | Noticed an ogre
  3644 | D:3      | Killed an ogre
  3645 | D:3      | Reached XP level 6. HP: 5/35 MP: 4/12
  4115 | D:4      | Found Lydier's Weapon Emporium.
  4123 | D:4      | Learned a level 4 spell: Hailstorm
  4289 | D:4      | Reached skill level 1 in Conjurations
  4292 | D:4      | Reached XP level 7. HP: 39/40 MP: 2/13
  4721 | D:5      | Entered Level 5 of the Dungeon
  5036 | D:5      | Reached skill level 5 in Spellcasting
  5538 | D:5      | Reached XP level 8. HP: 43/44 MP: 7/16
  6006 | D:6      | Learned a level 1 spell: Foxfire
  6011 | D:6      | Learned a level 4 spell: Flame Wave
  6518 | D:6      | Reached skill level 1 in Fire Magic
  6575 | D:6      | Found a staircase to the Ecumenical Temple.
  7208 | D:7      | Reached skill level 5 in Conjurations
  7432 | D:7      | Reached skill level 1 in Axes
  7587 | D:7      | Found Beocux's Weapon Shop.
  7608 | D:7      | Reached XP level 9. HP: 49/49 MP: 10/18
  8439 | D:8      | Noticed Gastronok
  8451 | D:8      | Killed Gastronok
  8544 | D:8      | Noticed Joseph
  8556 | D:8      | Slain by Joseph

Illustrated notes

Levels and vault maps discovered:
D:1:      onia_arrival_mini_maze, layout_basic
D:2:      layout_basic
D:3:      layout_rooms, nicolae_uskayaw_dance_hall,
          shapermc_ecumenical_altar_acropolis, kennysheep_generic_room_16
D:4:      layout_gridville, serial_shops, shop, grunt_ministairs_10,
          minivault_19
D:5:      layout_gridville, minmay_stone_trees_medium,
          minmay_misc_feat_secret_circle
D:6:      lemuel_ice_spiral_2, layout_basic, minmay_temple_entry_arrows
D:7:      layout_loops_ring, serial_shops, nicolae_take_the_stairs
D:8:      layout_basic, mainiacjoe_overflow_catwalk,
          mainiacjoe_overflow_two_lobes, lightli_corner_chamber, uniq_joseph,
          uniq_gastronok

Skill      XL: |  1  2  3  4  5  6  7  8  9 |
---------------+----------------------------+-----
Fighting       | 1 2 4 |  4.2
Spellcasting   | 3 4 5 6 |  6.5
Ice Magic      | 5 6 7 |  7.9
Conjurations   | 1 3 5 7 |  7.1
Fire Magic     | 2 3 |  3.7
Axes           | 1 2 |  2.8
Dodging        | |  1.5
Stealth        | |  2.1

Action                   |  1- 3 |  4- 6 |  7- 9 || total
-------------------------+-------+-------+-------++-------
Melee: Dagger            |    31 |       |       ||    31
       Short sword       |     1 |     4 |       ||     5
       Whip              |       |     7 |    59 ||    66
       Executioner's axe |       |       |    42 ||    42
       Punch             |       |       |     1 ||     1
 Cast: Freeze            |    43 |    54 |    59 ||   156
       Frozen Ramparts   |       |     9 |    24 ||    33
       Ozocubu's Armour  |       |     1 |     2 ||     3
       Foxfire           |       |       |    29 ||    29
       Hailstorm         |       |       |     6 ||     6
Invok: Potion Petition   |       |       |     1 ||     1
Evoke: Wand              |       |       |     5 ||     5
  Use: Scroll            |       |     7 |    10 ||    17
 Stab: Sleeping          |     2 |       |     1 ||     3
Armor: Robe              |    27 |    16 |    82 ||   125
Dodge: Dodged            |    48 |    25 |   107 ||   180
